 Dungeon Crawl Stone Soup version 0.28.0-47-ge53b351184 (webtiles) character file.

Game seed: 11556089792231335740

138 GigaChad the Shield-Bearer (level 5, -3/47 HPs)
             Began as a Minotaur Fighter on May 4, 2022.
             Was an Initiate of Makhleb.
             Killed by nerve-wracking pain
             ... invoked by Grinder
              (13 damage)
             ... while paralysed by Grinder
             ... on level 3 of the Dungeon.
             The game lasted 00:08:17 (2465 turns).

GigaChad the Shield-Bearer (Minotaur Fighter)       Turns: 2465, Time: 00:08:18

Health: -3/47      AC: 10    Str: 21    XL:     5   Next: 1%
Magic:  4/4        EV:  2    Int:  5    God:    Makhleb [......]
Gold:   102        SH:  0    Dex: 17    Spells: 4/4 levels left

rFire   . . .      SeeInvis .   a - +0 long sword
rCold   . . .      Faith    .   c - +0 buckler
rNeg    . . .      Spirit   .   o - +3 scale mail
rPois   .          Reflect  .   (helmet restricted)
rElec   .          Harm     .   (no cloak)
rCorr   .          Rampage  .   (no gloves)
Will    .....                   (no boots)
Stlth   ..........              (no amulet)
HPRegen 0.15/turn               i - +6 ring of dexterity
MPRegen 0.09/turn               (no ring)

@: paralysed
A: horns 2, retaliatory headbutt
a: Renounce Religion


You were on level 3 of the Dungeon.
You worshipped Makhleb.
Makhleb was noncommittal.
You visited 1 branch of the dungeon, and saw 3 of its levels.

You collected 102 gold pieces.

Inventory:

Hand Weapons
 a - a +0 long sword (weapon)
 g - a +0 spear of flaming
 n - a +0 vorpal hand axe
 p - a +1 dagger of holy wrath
 q - a +0 falchion
Missiles
 r - 20 bolts
Armour
 b - a +0 scale mail
 c - a +0 buckler (worn)
 o - a +3 scale mail (worn)
Magical Staves
 f - a staff of poison
Jewellery
 i - a +6 ring of dexterity (left hand)
Scrolls
 e - a scroll of vulnerability
Potions
 d - a potion of might
 h - a potion of invisibility {unknown}
 j - a potion of mutation {unknown}
 k - a potion of brilliance {unknown}
 l - 2 potions of lignification
 m - a potion of haste


   Skills:
 + Level 4.4 Fighting
 + Level 3.8 Long Blades
 + Level 4.6 Armour
 + Level 0.9 Dodging
 + Level 4.6 Shields


You had 4 spell levels left.
You didn't know any spells.
Your spell library contained the following spells:

 Spells                   Type           Power      Damage    Failure   Level
 Animate Skeleton         Necr           0%         N/A       88%         1
 Pain                     Necr           0%         1d4       88%         1
 Vampiric Draining        Necr           0%         2d6       99%         3
 Petrify                  Tmut/Erth      0%         N/A       100%        4
 Metabolic Englaciation   Hex/Ice        0%         N/A       100%        5
 Statue Form              Tmut/Erth      0%         N/A       100%        6


Dungeon Overview and Level Annotations

Branches:
Dungeon (3/15)

Altars:
Makhleb

Shops:
D:1 =

Annotations:
D:3 Grinder


Innate Abilities, Weirdness & Mutations

You have a pair of horns on your head.
You reflexively headbutt those who attack you in melee.


Message History

Found a coppery potion.
An orc comes into view. It is wielding a +0 short sword.
The orc shouts!
The orc throws a boomerang.
The boomerang barely misses you.
Grinder comes into view.
Grinder shouts!
The orc throws a boomerang.
The boomerang hits you but does no damage.
Found a scroll of teleportation.
The orc throws a boomerang.
The boomerang hits you but does no damage.
The orc throws a boomerang.
The boomerang hits you. Grinder gestures at you.
You resist with significant effort. Grinder closely misses you.
You hit Grinder. You headbutt Grinder, but do no damage.
Grinder is lightly wounded.
Grinder blinks!
You slash the orc!
You kill the orc!
Makhleb accepts your kill.
You have reached level 5!
Grinder gestures at you. Pain shoots through your body!
* * * LOW HITPOINT WARNING * * *
Grinder blinks!
Grinder hits you.
* * * LOW HITPOINT WARNING * * *
You hit Grinder.
Grinder is moderately wounded.
Grinder barely misses you. You furiously retaliate!
You headbutt Grinder. You slash Grinder!
Grinder is heavily wounded.
Grinder barely misses you. You furiously retaliate!
You headbutt Grinder! You barely miss Grinder.
Grinder is severely wounded.
Grinder gestures at you.
You suddenly lose the ability to move!
Grinder blinks!
Grinder gestures at you. Pain shoots through your body!
You die...

.# #.## #.........
.# #..# #o........
.# ##.####
#........? .#
#....# #.o.......
†### #..5.#
#......... ...##
#....# #.........
##..#
#....####....!....
##.#
####..#...........
#.####
##@§.#.........
#..<.#
###.#.........
####..#
.........### #..#
..........# #..#
.#.........# ....
.##.........#
..>..# #.........#
.... #........ ...


You could see Grinder.

Vanquished Creatures
  An orc priest (D:3)
  Jessica (D:2)
  A gnoll (D:1)
  2 adders (D:2)
  2 worms (D:2)
  5 orcs (D:3)
  6 ball pythons
  2 endoplasms (D:1)
  A giant cockroach (D:1)
  3 goblins
  4 hobgoblins
  3 jackals (D:1)
  4 bats
  2 frilled lizards (D:1)
  7 kobolds
  5 rats
49 creatures vanquished.

Notes
Turn   | Place    | Note
-------+----------+-------------------------------------------
     0 | D:1      | GigaChad the Minotaur Fighter began the quest for the Orb.
     0 | D:1      | Reached XP level 1. HP: 19/19 MP: 0/0
   429 | D:1      | Reached XP level 2. HP: 27/27 MP: 1/1
   552 | D:1      | Reached XP level 3. HP: 16/33 MP: 2/2
  1068 | D:1      | Found Otaifia's Jewellery Shop.
  1735 | D:2      | Noticed Jessica
  1739 | D:2      | Killed Jessica
  1740 | D:2      | Reached XP level 4. HP: 34/40 MP: 3/3
  2109 | D:2      | Found a burning altar of Makhleb.
  2125 | D:2      | Became a worshipper of Makhleb the Destroyer
  2444 | D:3      | Noticed Grinder
  2458 | D:3      | Reached XP level 5. HP: 20/47 MP: 4/4
  2464 | D:3      | Paralysed by Grinder for 6 turns
  2465 | D:3      | Killed from afar by Grinder

Illustrated notes

Levels and vault maps discovered:
D:1:      erik_arrival_blinker_ship, layout_loops_ring, serial_shops, shop
D:2:      layout_loops_cross, basic_altar, kennysheep_generic_room_15,
          uniq_jessica
D:3:      layout_rooms, uniq_terence, uniq_natasha, uniq_sigmund, uniq_grinder

Skill      XL: |  1  2  3 |
---------------+----------+-----
Armour         | 4 |  4.6
Fighting       | 4 |  4.4
Shields        | 4 |  4.6
Long Blades    | 3 |  3.8
Dodging        | |  0.9

Action                   |  1- 3 |  4- 6 || total
-------------------------+-------+-------++-------
Melee: Long sword        |    58 |    43 ||   101
       Headbutt          |    12 |     7 ||    19
  Use: Scroll            |     2 |     3 ||     5
Armor: Scale mail        |    28 |    26 ||    54
Dodge: Dodged            |    31 |    38 ||    69
Block: Buckler           |    14 |    19 ||    33
